 Dungeon Crawl Stone Soup version 0.25.0-33-gff14898491 (webtiles) character file.

Game seed: 14259317885058890643

82 H0rd4k the Insei (level 4, 0/28 HPs)
             Began as an Octopode Transmuter on July 6, 2020.
             Slain by a jackal (2 damage)
             ... on level 4 of the Dungeon.
             The game lasted 00:04:00 (3076 turns).

H0rd4k the Insei (Octopode Transmuter)              Turns: 3076, Time: 00:04:00

Health: 0/28       AC:  1    Str: 10    XL:     4   Next: 43%
Magic:  6/7        EV: 13    Int: 15    God:
Gold:   173        SH:  0    Dex: 12    Spells: 7/8 levels left

rFire    . . .     SeeInvis .     - Unarmed
rCold    . . .     Gourm    .   (no shield)
rNeg     . . .     Faith    .   (helmet restricted)
rPois    .         Spirit   .   (no amulet)
rElec    .         Reflect  .   (no ring)
rCorr    .         Harm     .   (no ring)
MR       .....                  (no ring)
Stlth    ++........             (no ring)
HPRegen  0.09/turn              (no ring)
MPRegen  0.10/turn              (no ring)
                                (no ring)
                                (no ring)

@: mighty, appendage (expiring)
A: almost no armour, stealthy swim, amphibious, 8 rings, constrict 8, tentacle
spike 3, camouflage 1, gelatinous body 1
a: End Transformation


You were on level 4 of the Dungeon.
You were not hungry.
One of your tentacles had a temporary spike.
You visited 1 branch of the dungeon, and saw 4 of its levels.

You collected 173 gold pieces.

Inventory:

Hand Weapons
 j - a +0 hunting sling of freezing
Missiles
 a - 32 arrows
 s - 16 poisoned darts (quivered)
Jewellery
 p - an uncursed ring of positive energy {unknown}
Scrolls
 b - 2 scrolls of identify {unknown}
 f - a scroll of teleportation {unknown}
 g - a scroll of magic mapping {unknown}
 m - 2 scrolls of enchant armour {unknown}
 o - a scroll of remove curse {unknown}
 t - a scroll of enchant weapon {unknown}
Potions
 d - a potion of resistance {unknown}
 e - 3 potions of might
 h - a potion of curing {unknown}
 k - a potion of stabbing {unknown}
 l - a potion of invisibility {unknown}
 n - a potion of lignification {unknown}
 q - a potion of heal wounds {unknown}
 r - a potion of brilliance {unknown}
Comestibles
 c - 5 rations


   Skills:
 + Level 1.1 Fighting
 + Level 2.1 Dodging
 + Level 0.7 Stealth
 + Level 4.4 Unarmed Combat
 + Level 2.5 Spellcasting
 + Level 2.1 Transmutations


You had 7 spell levels left.
You knew the following spells:

 Your Spells              Type           Power        Failure   Level  Hunger
a - Beastly Appendage     Tmut           #.....       9%          1    #......

Your spell library contained the following spells:

 Spells                   Type           Power        Failure   Level  Hunger
 Sticks to Snakes         Tmut           #.......     13%         2    ###....
 Magic Dart               Conj           #...         22%         1    #......
 Blink                    Tloc           N/A          32%         2    ###....
 Call Imp                 Summ           #.......     32%         2    ###....
 Slow                     Hex            #.......     32%         2    ###....
 Spider Form              Tmut/Pois      #.........   38%         3    ###....
 Conjure Flame            Conj/Fire      #.......     54%         3    ###....
 Mephitic Cloud           Conj/Pois/Air  #.......     54%         3    ###....
 Ice Form                 Ice/Tmut       #.......     80%         4    #####..
 Blade Hands              Tmut           #.........   94%         5    ######.


Dungeon Overview and Level Annotations

Branches:
Dungeon (4/15)
 Temple: D:4-7

Altars:
Dithmenos
Uskayaw

Annotations:
D:4 exclusions: 2 ogres, upstairs and wight


Innate Abilities, Weirdness & Mutations

You cannot wear most types of armour.
You are very stealthy in the water. (Stealth+)
You are amphibious.
You can wear up to eight rings at the same time.
You can use your tentacles to constrict eight enemies at once.
Your skin changes colour to match your surroundings (Stealth+).
Your rubbery body absorbs attacks. (AC +1, EV +1)
One of your tentacles bears a large vicious spike.


Message History

You grab the jackal.
Your tentacle spike misses the jackal.
You constrict the jackal. The jackal barely misses you. x2
The jackal bites you.
* * * LOW HITPOINT WARNING * * *
The jackal bites you.
* * * LOW HITPOINT WARNING * * *
It was a potion of might.
You feel very mighty all of a sudden.
Your transformation is almost over.
You constrict the jackal, but do no damage.
The jackal barely misses you. The jackal bites you.
* * * LOW HITPOINT WARNING * * *
You bludgeon the jackal!
You kill the jackal!
You barely miss the jackal. Your grab misses the jackal.
The jackal bites you but does no damage.
The jackal misses you. The jackal closely misses you.
You tentacle-slap the jackal.
You kill the jackal!
The jackal bites you.
You die...

## # #.## ###
##.## ##.. ###
#...#####..#
###.###....#...###
#@†.#.........## #
#..h#....###....#
#. .....####...#
#...###.# ....##
#...#+#...#... ...
##...........# ..
##h.........## #
##...........#
#..............
##...#######.....


You could see a jackal.

Vanquished Creatures
  A worm (D:4)
  2 dart slugs (D:3)
  2 leopard geckos
  6 orcs (D:3)
  7 bats
  A giant cockroach (D:3)
  2 goblins
  7 hobgoblins
  16 jackals
  4 kobolds
  2 quokkas (D:2)
  2 ball pythons (D:1)
  A frilled lizard (D:4)
  4 rats
57 creatures vanquished.

Notes
Turn   | Place    | Note
-------+----------+-------------------------------------------
     0 | D:1      | H0rd4k the Octopode Transmuter began the quest for the Orb.
     0 | D:1      | Reached XP level 1. HP: 13/13 MP: 3/3
   300 | D:1      | Reached XP level 2. HP: 15/18 MP: 5/5
   659 | D:1      | Reached XP level 3. HP: 16/23 MP: 4/6
  1449 | D:2      | Reached skill level 4 in Unarmed Combat
  1850 | D:2      | Found a faded altar of an unknown god.
  2253 | D:3      | Reached XP level 4. HP: 12/28 MP: 5/7
  2758 | D:4      | Found a hide-covered altar of Uskayaw.
  2758 | D:4      | Found a shadowy altar of Dithmenos.
  2758 | D:4      | Noticed a +0 hand axe
  2759 | D:4      | Noticed a -1 dagger
  2823 | D:4      | Noticed an ogre
  2916 | D:4      | Noticed an ogre
  3076 | D:4      | Slain by a jackal

Illustrated notes

Levels and vault maps discovered:
D:1:      minmay_arrival_open_corners, layout_loops_ring
D:2:      layout_basic, first_ration, chequers_ecumenical_altar_grove
D:3:      layout_basic, old_standard_altar, lightli_temple_of_fire,
          wad_orctagon, uniq_crazy_yiuf_cottage
D:4:      layout_layer_cave, dancing_weapons_uskayaw, serial_shops,
          kennysheep_mini_moat, grunt_ministairs_9, grunt_dithmenos_smoke

Skill      XL: |  1  2  3 |
---------------+----------+-----
Unarmed Combat | 4 |  4.4
Fighting       | |  1.1
Dodging        | |  2.1
Stealth        | |  0.7
Spellcasting   | |  2.5
Transmutations | |  2.1

Action                   |  1- 3 |  4- 6 || total
-------------------------+-------+-------++-------
Melee: Unarmed           |   108 |    37 ||   145
       Tentacles         |    19 |     7 ||    26
       Constrict         |    23 |    12 ||    35
       Kick              |     6 |     1 ||     7
       Punch             |     1 |       ||     1
 Cast: Beastly Appendage |     4 |     2 ||     6
  Use: Potion            |       |     1 ||     1
 Stab: Sleeping          |     4 |     2 ||     6
  Eat: Chunk             |     4 |     3 ||     7
Armor: Skin              |     6 |     4 ||    10
Dodge: Dodged            |    69 |    19 ||    88
